 Dungeon Crawl Stone Soup version 0.27-a0-1519-gc8121b24ce (webtiles) character file.

Game seed: 16902519942352102120

91 Tynoth the Chopper (level 4, -3/42 HPs)
             Began as a Hill Orc Monk on July 10, 2021.
             Was an Initiate of Ashenzari.
             Slain by a bullfrog (5 damage)
             ... on level 3 of the Dungeon.
             The game lasted 00:12:40 (2289 turns).

Tynoth the Chopper (Hill Orc Monk)                  Turns: 2289, Time: 00:12:41

Health: -3/42      AC:  4    Str: 14    XL:     4   Next: 59%
Magic:  4/4        EV: 12    Int: 10    God:    Ashenzari [......]
Gold:   109        SH:  0    Dex: 13    Spells: 3/3 levels left

rFire    + . .     SeeInvis .   e - +2 falchion (holy)
rCold    . . .     Faith    .   (no shield)
rNeg     . . .     Spirit   .   g - +1 robe {rF+}
rPois    .         Reflect  .   (no helmet)
rElec    .         Harm     .   k - +0 cloak of Panopticon {Self, Melee} (curse)
rCorr    .         Rampage  .   (no gloves)
Will     .....                  (no boots)
Stlth    ++........             (no amulet)
HPRegen  0.14/turn              (no ring)
MPRegen  0.09/turn              (no ring)

@: no status effects
A: no striking features
a: Renounce Religion, Curse Item, Shatter the Chains


You were on level 3 of the Dungeon.
You worshipped Ashenzari.
Ashenzari was noncommittal.
You visited 1 branch of the dungeon, and saw 3 of its levels.

You collected 109 gold pieces.

Inventory:

Hand Weapons
 a - a +0 hand axe
 e - a +2 falchion of holy wrath (weapon)
Missiles
 c - 32 bolts
 p - 27 stones (quivered)
Armour
 g - a +1 robe of fire resistance (worn)
 k - the cursed +0 cloak of Panopticon (worn) {Self, Melee}
   (You found it on level 2 of the Dungeon)

   It has a curse which improves the following skills: Introspection: Fighting
   and Spellcasting.
   Melee Combat: Short Blades, Long Blades, Axes, Maces & Flails, Polearms,
   Staves and Unarmed Combat.
Magical Staves
 n - a staff of death
Jewellery
 o - a +6 ring of intelligence
 r - a ring of wizardry
Scrolls
 d - a scroll of vulnerability
 h - a scroll of fear
 i - a scroll of holy word
 j - a scroll of fog
 l - a scroll of brand weapon
 m - a scroll of blinking
 q - a scroll of amnesia
Potions
 b - a potion of curing
 f - 2 potions of degeneration


   Skills:
 + Level 4.7(5.2) Fighting
 * Level 1.0(1.3) Long Blades
 - Level 5.1(5.6) Axes
 + Level 1.8 Armour
 - Level 2.4 Dodging
 - Level 1.5 Stealth


You had 3 spell levels left.
You didn't know any spells.
Your spell library was empty.

Dungeon Overview and Level Annotations

Branches:
Dungeon (3/15)

Altars:
Ashenzari
Hepliaklqana
Okawaru


Message History

You closely miss the goblin. The goblin barely misses you.
You riposte.
You hit the goblin.
You kill the goblin!
A bullfrog comes into view.
The bullfrog croaks.
Found a stone staircase leading up.
The bullfrog hits you but does no damage.
Found a scroll of brand weapon.
You closely miss the bullfrog. The bullfrog hits you. x2
You closely miss the bullfrog. The bullfrog barely misses you.
The bullfrog hits you.
You barely miss the bullfrog. The bullfrog hits you. x2
You hit the bullfrog.
The bullfrog is lightly wounded.
The bullfrog hits you. The bullfrog closely misses you.
You riposte.
You closely miss the bullfrog.
The bullfrog is lightly wounded.
You hit the bullfrog.
The bullfrog is heavily wounded.
The bullfrog closely misses you.
You riposte.
You closely miss the bullfrog.
The bullfrog is heavily wounded.
The bullfrog hits you.
You hit the bullfrog.
The bullfrog is heavily wounded.
The bullfrog hits you. The bullfrog misses you.
You riposte.
You slash the bullfrog!
The bullfrog is almost dead.
You miss the bullfrog.
The bullfrog is almost dead.
The bullfrog hits you.
* * * LOW HITPOINT WARNING * * *
The bullfrog swells and bulges.
The bullfrog hits you.
* * * LOW HITPOINT WARNING * * *
The bullfrog hits you!
* * * LOW HITPOINT WARNING * * *
The bullfrog hits you.
* * * LOW HITPOINT WARNING * * *
The bullfrog hits you.
You die...

######### #.......#
#.#####.#
#.#.....########
#>.............#####
#.#F#######.........
#.#.@)....#..........
#.#######.#..........
#######.#?....#
#..........
<...........#
#.........
#.#####.#####
##(.....## #.# #
#......## #.#
#####.##.......## #..
.......)......... ...
..........[......


You could see a bullfrog.

Vanquished Creatures
  3 adders
  A worm (D:2)
  A dart slug (D:1)
  2 orcs
  7 bats
  5 endoplasms
  3 hobgoblins (D:1)
  6 jackals
  A quokka (D:2)
  7 ball pythons
  3 frilled lizards
  7 goblins
  4 kobolds (D:1)
  4 rats
  A spectral hobgoblin (D:1)
55 creatures vanquished.

Notes
Turn   | Place    | Note
-------+----------+-------------------------------------------
     0 | D:1      | Tynoth the Hill Orc Monk began the quest for the Orb.
     0 | D:1      | Reached XP level 1. HP: 19/19 MP: 1/1
   324 | D:1      | Reached XP level 2. HP: 27/27 MP: 2/2
   481 | D:1      | Found a faded altar of an unknown god.
   558 | D:1      | Reached skill level 1 in Armour
   614 | D:1      | Reached XP level 3. HP: 33/33 MP: 3/3
  1251 | D:2      | Reached skill level 5 in Axes
  1562 | D:2      | Reached XP level 4. HP: 41/41 MP: 4/4
  1777 | D:2      | Found a broken altar of Ashenzari.
  1800 | D:2      | Became a worshipper of Ashenzari the Shackled
  2118 | D:3      | Found a hazy altar of Hepliaklqana.
  2178 | D:3      | Reached skill level 1 in Long Blades
  2225 | D:3      | Found an iron altar of Okawaru.
  2272 | D:3      | Noticed a bullfrog
  2286 | D:3      | HP: 2/42 [bullfrog (1)]
  2289 | D:3      | Slain by a bullfrog

Illustrated notes

Levels and vault maps discovered:
D:1:      arrival_zaba_pyramid, layout_basic,
          dreamdust_ecumenical_altar_drowned_temple
D:2:      layout_loops_ring, basic_altar
D:3:      layout_basic, lemuel_crystal_altar, okawaru_gym_becter,
          minmay_door_square

Skill      XL: |  1  2  3  4 |
---------------+-------------+-----
Fighting       | 4 |  4.7
Armour         | 1 |  1.8
Axes           | 5 |  5.1
Long Blades    | 1 |  1.0
Dodging        | |  2.4
Stealth        | |  1.5

Action                   |  1- 3 |  4- 6 || total
-------------------------+-------+-------++-------
Melee: Hand axe          |   128 |     5 ||   133
       Falchion          |       |    36 ||    36
Invok: Curse Item        |       |     1 ||     1
 Stab: Sleeping          |     2 |     2 ||     4
Armor: Leather armour    |    30 |       ||    30
       Robe              |     3 |    11 ||    14
Dodge: Dodged            |    86 |    22 ||   108
       Rpst.: Falchion   |       |     9 ||     9

Table legend: (Time is in decaauts)
 A = Elapsed time spent in this place.
 B = Non-inter-level travel time spent in this place.
 C = Inter-level travel time spent in this place.
 D = Time resting spent in this place.
 E = Time spent auto-exploring this place.
 F = Levels seen in this place.
 G = Mean time per level.
                   A        B        C        D        E       F      G
               +--------+--------+--------+--------+--------+-----+--------+
         Total |   2317 |   2317 |      0 |    320 |   1209 |   3 |  772.3 |
       Dungeon |   2317 |   2317 |      0 |    320 |   1209 |   3 |  772.3 |
               +--------+--------+--------+--------+--------+-----+--------+

Top non-repeatable levels by time:
     D:1: 1146 daAuts
     D:2: 994 daAuts
     D:3: 176 daAuts
